Match 41842361
Unlisted

Match 41842361
End
Selects Airborne Battlegroup
Selects Heavy Machine Gun Paradrop
Heavy Machine Gun Paradrop
Engineer Squad
Construct Barracks
1⁄4-ton 4x4 Truck
Riflemen Squad
Construct Medical Station
Selects Paratrooper Squad Paradrop
Paratrooper Squad Paradrop
Heavy Machine Gun Paradrop
Construct Weapon Support Center
.30 cal Machine Gun
Selects Smoke Bombing Run
Smoke Bombing Run
Paratrooper Squad Paradrop
Heavy Machine Gun Paradrop
Heavy Machine Gun Paradrop
Smoke Bombing Run
Infantry Support Center
Smoke Bombing Run
Grenade Package
Smoke Bombing Run
Selects Paradrop Reinforcements
M1918 Browning Automatic Rifles
Smoke Bombing Run
Construct Motor Pool
Selects Dual P-47 Rocket Strike
Dual P-47 Rocket Strike
M24 Chaffee Light Tank
Selects Anti-tank Gun Team Paradrop
Construct Tank Depot
Bazooka Squad
Dual P-47 Rocket Strike
Paratrooper Squad Paradrop
M18 Hellcat Tank Destroyer
Dual P-47 Rocket Strike
Engineer Squad
Survival Training
Demolitions Package
Smoke Bombing Run
Heavy Machine Gun Paradrop
Riflemen Squad
Anti-tank Gun Team Paradrop
M18 Hellcat Tank Destroyer
vctorgab
Grand.G
0
0

Comments sign in to comment!

No comments posted yet!